 Dungeon Crawl Stone Soup version 0.25.1-2-g60ff931df9 (webtiles) character file.

Game seed: 17907161168037384758

42234 Darmsturm the Basher (level 14, -6/92 HPs)
             Began as a Gargoyle Fighter on Oct 27, 2020.
             Was a High Priest of Okawaru.
             Mangled by a black mamba (11 damage)
             ... on level 1 of the Snake Pit.
             The game lasted 01:56:53 (22709 turns).

Darmsturm the Basher (Gargoyle Fighter)            Turns: 22709, Time: 01:56:53

Health: -6/92      AC: 24    Str: 24    XL:     14   Next: 18%
Magic:  19/19      EV:  9    Int: 10    God:    Okawaru [*****.]
Gold:   677        SH: 14    Dex: 12    Spells: 13/13 levels left

rFire    + . .     SeeInvis +   a - +2 flail
rCold    x . .     Gourm    .   c - +2 kite shield
rNeg     + . .     Faith    .   M - +5 scale mail of the Harp {*Drain Dex+3 SInv Stlth+}
rPois    ∞         Spirit   .   O - +0 hat {MR+}
rElec    +         Reflect  .   (no cloak)
rCorr    .         Harm     .   w - +0 pair of gloves
MR       +++..                  (no boots)
Stlth    ++........             u - amulet of magic regeneration
HPRegen  0.25/turn              E - ring of fire
MPRegen  0.41/turn              l - ring of protection from magic

@: heavily drained
A: big wings, negative energy resistance 1, electricity resistance, unbreathing,
petrification resistance, rot immunity, AC +10
a: Fly, Heroism, Finesse, Renounce Religion


You were on level 1 of the Snake Pit.
You worshipped Okawaru.
Okawaru was extremely pleased with you.
You were not hungry.

You visited 4 branches of the dungeon, and saw 17 of its levels.
You also visited: Ossuary.

You collected 677 gold pieces.

Inventory:

Hand Weapons
 a - a +2 flail (weapon)
 p - the +8 quick blade "Spiderslayer" {vorpal, +Rage rPois rF- SInv}
   (Okawaru gifted it to you on level 1 of the Lair of Beasts)

   It inflicts extra damage upon your enemies.
   It makes you vulnerable to fire.
   It protects you from poison.
   It lets you see invisible.
   It lets you go berserk.
Missiles
 F - 10 atropa-tipped darts (quivered)
 W - 3 javelins
Armour
 c - a +2 kite shield (worn)
 w - a +0 pair of gloves (worn)
 M - the +5 scale mail of the Harp (worn) {*Drain Dex+3 SInv Stlth+}
   (You found it on level 8 of the Dungeon)

   It affects your dexterity (+3).
   It lets you see invisible.
   It causes draining when unequipped.
   It makes you more stealthy.
 N - a +2 ring mail of cold resistance
 O - a +0 hat of magic resistance (worn)
 Q - a +3 ring mail of fire resistance
Jewellery
 g - an uncursed ring of stealth
 h - an uncursed ring of stealth
 i - an uncursed ring of resist corrosion
 l - a ring of protection from magic (right hand)
 u - an amulet of magic regeneration (around neck)
 E - a ring of fire (left hand)
 R - an uncursed ring of protection from cold
 V - an uncursed ring of ice
Wands
 y - a wand of flame (43)
 z - a wand of random effects (40)
 D - a wand of clouds (8)
 K - a wand of iceblast (16)
 L - a wand of polymorph (3)
 P - a wand of enslavement (13)
 S - a wand of paralysis (18)
 Z - a wand of acid (9)
Scrolls
 e - 3 scrolls of magic mapping
 j - 7 scrolls of teleportation
 k - 5 scrolls of identify
 m - 2 scrolls of enchant weapon
 n - 6 scrolls of enchant armour
 o - 2 scrolls of fear
 s - 2 scrolls of amnesia
 t - 3 scrolls of remove curse
 v - a scroll of random uselessness
 B - 4 scrolls of fog
 H - 2 scrolls of holy word
 U - a scroll of vulnerability {unknown}
 X - a scroll of brand weapon {unknown}
 Y - a scroll of silence {unknown}
Potions
 b - a potion of heal wounds {unknown}
 d - 2 potions of might
 q - a potion of stabbing
 r - 2 potions of berserk rage
 A - a potion of resistance {unknown}
 C - 4 potions of curing
 G - 2 potions of magic
 I - a potion of ambrosia {unknown}
 J - a potion of invisibility {unknown}
 T - a potion of brilliance
Comestibles
 f - 22 rations


   Skills:
 * Level 12.8(10.7) Fighting
 + Level 13.1(11.0) Maces & Flails
 + Level 1.3(0.0) Throwing
 * Level 10.1(8.1) Armour
 - Level 2.3(0.7) Dodging
 - Level 5.0(3.3) Stealth
 * Level 12.7(10.6) Shields
 + Level 7.5(5.7) Invocations


You had 13 spell levels left.
You didn't know any spells.
Your spell library contained the following spells:

 Spells                   Type           Power        Failure   Level  Hunger
 Corona                   Hex            #......      82%         1    ##.....
 Foxfire                  Conj/Fire      #...         82%         1    ##.....
 Magic Dart               Conj           #...         82%         1    ##.....
 Blink                    Tloc           N/A          91%         2    ###....
 Call Imp                 Summ           #.......     91%         2    ###....
 Ensorcelled Hibernation  Hex/Ice        #.....       91%         2    ###....
 Slow                     Hex            #.......     91%         2    ###....
 Confusing Touch          Hex            #.......     99%         3    ####...
 Conjure Flame            Conj/Fire      #.......     99%         3    ####...
 Dazzling Flash           Conj/Hex       #.....       99%         3    ####...
 Gell's Gravitas          Tloc           #.........   99%         3    ####...
 Inner Flame              Hex/Fire       #.......     99%         3    ####...
 Mephitic Cloud           Conj/Pois/Air  #.......     99%         3    ####...
 Tukima's Dance           Hex            #.......     99%         3    ####...
 Petrify                  Tmut/Erth      #.......     100%        4    #####..
 Sticky Flame             Conj/Fire      #.......     100%        4    #####..
 Fireball                 Conj/Fire      #.........   100%        5    ######.
 Metabolic Englaciation   Hex/Ice        #.........   100%        5    ######.
 Yara's Violent Unravell  Hex/Tmut       #.........   100%        5    ######.


Dungeon Overview and Level Annotations

Branches:
Dungeon (9/15)             Temple (1/1) D:4            Lair (6/6) D:9
 Shoals (0/4) Lair:4        Snake (1/4) Lair:2        Slime (0/5) Lair:5
Ossuary (visited)
    Orc: D:9-12

Altars:
Ashenzari
Cheibriados
Dithmenos
Elyvilon
Fedhas
Gozag
Hepliaklqana
Kikubaaqudgha
Makhleb
Nemelex Xobeh
Okawaru
Qazlal
Ru
Sif Muna
Trog
Uskayaw
Vehumet
Wu Jian
Xom
Yredelemnul
Zin
The Shining One

Shops:
D:8 :*%}   D:9 *

Annotations:
D:7 Maurice
D:9 3 runed translucent doors, Ciys Qaxt's ghost, journeyman TeAE
Lair:5 1 transporter, Kutuagui's ghost, journeyman DrIE


Innate Abilities, Weirdness & Mutations

You are resistant to torment.
Your stone body is resilient. (AC +10)
You are immune to poison.
Your large and strong wings let you fly indefinitely.
You resist negative energy. (rN+)
You are resistant to electric shocks. (rElec)
You can survive without breathing.
You are immune to petrification.
You are immune to rotting.


Message History

The anaconda grabs you.
You stop ascending the stairs.
The anaconda bites you!
* * * LOW HITPOINT WARNING * * *
x2 The anaconda constricts you.
You block the black mamba's attack.
The anaconda's grasp on you weakens, but your attempt to escape fails.
The anaconda bites you but does no damage.
The anaconda constricts you.
The black mamba bites you but does no damage.
You block the anaconda's attack.
* * * LOW HITPOINT WARNING * * *
The anaconda constricts you. You block the black mamba's attack.
The anaconda's grasp on you weakens, but your attempt to escape fails.
You block the anaconda's attack.
* * * LOW HITPOINT WARNING * * *
The anaconda constricts you.
The black mamba bites you but does no damage.
The anaconda bites you.
* * * LOW HITPOINT WARNING * * *
The anaconda constricts you.
You escape the anaconda's grasp.
The black mamba bites you!
You die...

##..##... .....#..
###. .. ##.....##
...# ... #....#..#
#..##.#. # #......#
#......# #.#......#
#.....#.
#........#####......#
#..@SS.....##.......
#.#.....##..........
# ##....####........
...##### #........
### #........
#........ .........
......... .....##.#.


You could see an anaconda and a black mamba.

Vanquished Creatures
  Gastronok (D:9)
  The ghost of DearestLeader the Earth Mage, a journeyman GrEE of Vehumet (Lair:2)
  9 hydras
  2 tengu warriors (D:7)
  The ghost of Johnny the Geomancer, a novice DgEE (Lair:3)
  6 death yaks
  5 elephants
  Joseph (Lair:1)
  6 spiny frogs
  A torpor snail (Lair:3)
  5 komodo dragons
  3 rime drakes
  2 polar bears
  A hornet (D:9)
  Grinder (D:5)
  17 blink frogs
  A snapping turtle (Lair:4)
  4 hippogriffs
  Sigmund (D:4)
  30 yaks
  A wyvern (Lair:5)
  8 spriggans
  A basilisk (Lair:3)
  5 nagas (Lair:2)
  2 vampire mosquitoes (D:9)
  29 water moccasins
  8 porcupines
  3 sky beasts
  An ice beast (D:9)
  2 orc warriors
  3 phantoms
  3 ogres
  13 wolves (Lair:3)
  4 centaurs
  9 crocodiles
  An elf zombie (Ossuary)
  4 big kobolds
  Blork the orc (D:5)
  11 bullfrogs
  2 gnoll sergeants (D:5)
  A scorpion (D:8)
  A water moccasin skeleton (D:9)
  6 electric eels
  2 wights
  2 howler monkeys
  5 crimson imps
  A bullfrog zombie (D:9)
  15 jellies
  2 quasits
  2 hounds
  6 orc priests
  A human zombie (Ossuary)
  A gnoll shaman (D:5)
  A centaur skeleton (D:4)
  3 iguanas
  Natasha (thrice) (D:3)
  7 orc wizards
  2 worker ants (D:8)
  A big kobold zombie (Ossuary)
  3 hound zombies (Ossuary)
  2 hound skeletons
  4 mummies (Ossuary)
  18 adders
  3 gnolls (D:5)
  A shadow imp (D:9)
  8 oozes
  An adder skeleton (D:4)
  An adder zombie (Ossuary)
  4 worms
  A dart slug (D:3)
  6 leopard geckos
  9 orcs
  6 giant cockroaches
  10 goblins
  9 hobgoblins
  7 jackals
  4 quokkas
  A ball python (D:5)
  9 bats
  9 frilled lizards
  A gnoll zombie (Ossuary)
  2 goblin zombies (Ossuary)
  20 kobolds
  2 leopard gecko skeletons (D:8)
  A leopard gecko zombie (D:5)
  7 rats
  2 rat zombies (Ossuary)
422 creatures vanquished.

Vanquished Creatures (others)
  A bush (Lair:3)
  15 fungi
  9 plants (Lair:3)
  5 toadstools (D:4)
30 creatures vanquished.

Grand Total: 452 creatures vanquished

Notes
Turn   | Place    | Note
-------+----------+-------------------------------------------
     0 | D:1      | Darmsturm the Gargoyle Fighter began the quest for the Orb.
     0 | D:1      | Reached XP level 1. HP: 14/14 MP: 1/1
   149 | D:1      | Reached XP level 2. HP: 20/20 MP: 2/2
   581 | D:1      | Reached XP level 3. HP: 24/24 MP: 3/3
   806 | D:2      | Reached skill level 1 in Dodging
  1063 | D:2      | Reached XP level 4. HP: 29/29 MP: 4/4
  1781 | D:3      | Noticed Natasha
  1800 | D:3      | Killed Natasha
  1800 | D:3      | Reached skill level 3 in Maces & Flails
  1942 | D:3      | Noticed Natasha
  1948 | D:3      | Killed Natasha
  1948 | D:3      | Reached XP level 5. HP: 30/34 MP: 5/5
  1955 | D:3      | Noticed Natasha
  1969 | D:3      | Killed Natasha
  2566 | D:4      | Found a shattered altar of Ashenzari.
  2609 | D:4      | Found a staircase to the Ecumenical Temple.
  2609 | D:4      | Noticed an ogre
  2631 | D:4      | Killed an ogre
  2631 | D:4      | Reached skill level 4 in Maces & Flails
  2631 | D:4      | Reached XP level 6. HP: 28/39 MP: 6/6
  2657 | Temple   | Entered the Ecumenical Temple
  2840 | Temple   | Became a worshipper of Warmaster Okawaru
  3084 | D:4      | Noticed Sigmund
  3093 | D:4      | Killed Sigmund
  3093 | D:4      | Reached skill level 5 in Fighting
  3093 | D:4      | Reached XP level 7. HP: 23/44 MP: 7/7
  3176 | D:4      | Reached * piety under Okawaru
  3454 | D:4      | Found a burning altar of Makhleb.
  3546 | D:4      | Reached skill level 5 in Maces & Flails
  4374 | D:5      | Entered Level 5 of the Dungeon
  4559 | D:5      | Noticed Blork the orc
  4576 | D:5      | Reached XP level 8. HP: 43/50 MP: 8/8
  4581 | D:5      | Killed Blork the orc
  4581 | D:5      | Reached skill level 6 in Maces & Flails
  4799 | D:5      | Found a glowing golden altar of the Shining One.
  4802 | D:5      | Found a basalt altar of Yredelemnul.
  4808 | D:5      | Noticed an angel
  4829 | D:5      | Noticed Grinder
  4835 | D:5      | Paralysed by Grinder for 7 turns
  4856 | D:5      | Killed Grinder
  4856 | D:5      | Reached ** piety under Okawaru
  4856 | D:5      | Reached skill level 5 in Armour
  4856 | D:5      | Reached skill level 5 in Shields
  4856 | D:5      | Reached skill level 1 in Invocations
  5365 | D:5      | Noticed a profane servitor
  5843 | D:6      | Reached skill level 7 in Maces & Flails
  6258 | D:6      | Reached XP level 9. HP: 47/56 MP: 10/10
  6356 | D:6      | Found a shadowy altar of Dithmenos.
  6698 | D:6      | Reached skill level 1 in Stealth
  7352 | D:7      | Found a sand-covered staircase.
  7357 | Ossuary  | Entered an ossuary
  7522 | Ossuary  | Reached skill level 8 in Maces & Flails
  7855 | D:7      | Reached *** piety under Okawaru
  8198 | D:8      | Found Uczixol's Assorted Antiques.
  8198 | D:8      | Noticed Maurice
  8617 | D:8      | Found Xymar's Book Boutique.
  8622 | D:8      | Found Ifyor's Food Shoppe.
  8766 | D:8      | Got a crude scale mail
  8777 | D:8      | Identified the +5 scale mail of the Harp {*Drain Dex+3 SInv
                  | Stlth+} (You found it on level 8 of the Dungeon)
  8886 | D:8      | Noticed a tengu warrior
  8888 | D:8      | Noticed a tengu warrior
  8920 | D:7      | Killed a tengu warrior
  8920 | D:7      | Reached XP level 10. HP: 25/64 MP: 12/12
  9139 | D:7      | Killed a tengu warrior
  9139 | D:7      | Reached skill level 9 in Maces & Flails
  9834 | D:8      | Reached **** piety under Okawaru
 10034 | D:8      | Found Pulafech's Gadget Shoppe.
 10426 | D:9      | Found a runed translucent gate.
 10426 | D:9      | Found a runed translucent gate.
 10426 | D:9      | Found a runed translucent gate.
 10437 | D:9      | Found a staircase to the Lair.
 10623 | D:9      | Noticed Gastronok
 10652 | D:9      | Killed Gastronok
 10652 | D:9      | Reached skill level 10 in Maces & Flails
 10738 | D:9      | Reached XP level 11. HP: 71/71 MP: 13/13
 10897 | D:9      | Reached ***** piety under Okawaru
 11189 | D:9      | Noticed Ciys Qaxt's ghost (journeyman TeAE)
 11224 | D:9      | Found Lithuf's General Store.
 11611 | Lair:1   | Entered Level 1 of the Lair of Beasts
 11939 | Lair:1   | Received a gift from Okawaru
 11942 | Lair:1   | Got a masterwork quick blade {god gift}
 11977 | Lair:1   | Identified the +8 quick blade "Spiderslayer" {vorpal, +Rage
                  | rPois rF- SInv} (Okawaru gifted it to you on level 1 of the
                  | Lair of Beasts)
 12041 | Lair:1   | Found a shimmering blue altar of Sif Muna.
 12058 | Lair:1   | Reached skill level 10 in Fighting
 12269 | Lair:1   | Reached skill level 11 in Maces & Flails
 12690 | Lair:1   | Noticed Joseph
 12711 | Lair:1   | Killed Joseph
 13655 | Lair:2   | Received a gift from Okawaru
 13665 | Lair:2   | Reached skill level 5 in Invocations
 13701 | Lair:1   | Reached XP level 12. HP: 20/78 MP: 15/15
 14102 | Lair:2   | Found a staircase to the Snake Pit.
 14235 | Lair:2   | Noticed an eight-headed hydra
 14252 | Lair:2   | Killed an eight-headed hydra
 14811 | Lair:2   | Found a runed translucent gate.
 14811 | Lair:2   | Found a runed translucent gate.
 14812 | Lair:2   | Noticed DearestLeader's ghost (journeyman GrEE)
 14813 | Lair:2   | Found a runed translucent gate.
 14843 | Lair:2   | Killed DearestLeader's ghost
 14843 | Lair:2   | Reached skill level 5 in Stealth
 15009 | Lair:2   | Received a gift from Okawaru
 15355 | Lair:2   | Reached skill level 10 in Shields
 16217 | Lair:3   | Noticed a four-headed hydra
 16231 | Lair:3   | Killed a four-headed hydra
 16231 | Lair:3   | Reached skill level 12 in Maces & Flails
 16368 | Lair:3   | Noticed a five-headed hydra
 16488 | Lair:3   | Reached XP level 13. HP: 72/84 MP: 18/18
 17227 | Lair:3   | Received a gift from Okawaru
 17859 | Lair:3   | You fall into a shaft and drop 2 floors!
 17948 | Lair:5   | Found a staircase to the Slime Pits.
 18220 | Lair:5   | Noticed Kutuagui's ghost (journeyman DrIE)
 18224 | Lair:5   | Found a transporter.
 18235 | Lair:5   | Found a bloodstained altar of Trog.
 18235 | Lair:5   | Identified the cursed +1 quarterstaff "Ofosarec" {freeze,
                  | rElec SInv}
 18236 | Lair:5   | Identified the +5 trident "Ruir Xav" {holy, *Rage Int+8}
 18236 | Lair:5   | Identified the cursed +1 ring mail of the Flute {+Blink
                  | Str+3 Int+4 Dex-5}
 18243 | Lair:5   | Found a transporter.
 18846 | Lair:3   | Found a runed translucent door.
 18848 | Lair:3   | Noticed Johnny's ghost (novice DgEE)
 18848 | Lair:3   | You fall into a shaft and drop 2 floors!
 19320 | Lair:3   | Killed Johnny's ghost
 19802 | Lair:4   | Reached skill level 13 in Maces & Flails
 19903 | Lair:3   | HP: 3/87 [six-headed hydra (11)]
 20308 | Lair:3   | Gained mutation: Your large and strong wings let you fly
                  | indefinitely. [Gargoyle growth]
 20308 | Lair:3   | Reached XP level 14. HP: 86/92 MP: 19/19
 20369 | Lair:4   | Found a staircase to the Shoals.
 20805 | Lair:4   | Reached skill level 1 in Throwing
 21171 | Lair:5   | Found a hide-covered altar of Uskayaw.
 21775 | Lair:5   | Reached skill level 10 in Armour
 21789 | Lair:5   | Received a gift from Okawaru
 22200 | Lair:5   | HP: 3/92 [Kutuagui's ghost/Freeze (4)]
 22577 | Lair:6   | Entered Level 6 of the Lair of Beasts
 22666 | Snake:1  | Entered Level 1 of the Snake Pit
 22708 | Snake:1  | HP: 4/92 [anaconda (3)]
 22709 | Snake:1  | Mangled by a black mamba

Illustrated notes

Levels and vault maps discovered:
D:1:      minmay_arrival_plants_in_alcoves, layout_basic
D:2:      layout_loops_cross
D:3:      layout_loops_ring, first_ration, uniq_natasha
D:4:      cheibrodos_fertilizer, layout_loops_ring, kennysheep_mini,
          lemuel_doored_altar, temple_fountains, hangedman_decor_lopped,
          uniq_sigmund
D:5:      layout_loops_ring, grunt_temple_overflow_holy_war, sword_in_stone,
          uniq_grinder
D:6:      minmay_diamond_boxcup, layout_loops_ring, basic_altar
D:7:      layout_basic, nicolae_ossuary_entry_monument
D:8:      layout_cave_pods, serial_shops, shop, shop, kennysheep_little_box,
          kennysheep_mini_moat, uniq_maurice
D:9:      layout_irregular_city, lair_entry_dummy, gammafunk_ghost_necromancy,
          serial_shops, shop, blue_anna_alchemist [blue_anna_fruit_fields,
          blue_anna_fruit_fields], uniq_gastronok
Temple:   dpeg_five_rooms_temple
Lair:1:   kb_forest_paths, layout_gridlike, basic_altar,
          minmay_shattered_shrine, serial_bayou_shore_a, uniq_joseph
Lair:2:   lemuel_reptile_caves, layout_regular_city,
          minmay_snake_entry_guardpost_medium, ebering_ghost_rock_garden,
          grunt_forest_large_clearing_hut
Lair:3:   layout_loops_ring, ebering_ghost_inner_flame, wad_woods_river_02
Lair:4:   layout_regular_city, minmay_shoals_entry_hut, grunt_megastairs_3
Lair:5:   layout_misc_corridors, minmay_slime_entry_jelly_boxes, basic_altar,
          gammafunk_ghost_wrathful_warriors, nicolae_quartered_pool_medium
Lair:6:   grunt_lair_end_beastmaster, layout_regular_city,
          infiniplex_staircase_pool_2, uniq_kirke
Snake:1:  layout_chambers

Skill      XL: |  1  2  3  4  5  6  7  8  9 10 11 12 13 14 |
---------------+-------------------------------------------+-----
Dodging        | 1 2 |  2.3
Fighting       | 4 5 6 8 9 10 11 12 | 12.8
Maces & Flails | 3 4 5 7 8 10 11 12 13 | 13.1
Armour         | 4 5 6 7 8 9 10 | 10.1
Shields        | 4 5 6 7 8 10 12 | 12.7
Invocations    | 2 3 5 6 7 |  7.5
Stealth        | 1 4 5 |  5.0
Throwing       | 1 |  1.3

Action                   |  1- 3 |  4- 6 |  7- 9 | 10-12 | 13-15 || total
-------------------------+-------+-------+-------+-------+-------++-------
Melee: Flail             |   119 |   139 |   525 |   962 |   747 ||  2492
Throw: Dart              |       |       |       |     5 |    13 ||    18
Invok: Heroism           |       |       |     6 |    21 |    16 ||    43
       Finesse           |       |       |       |     4 |     8 ||    12
Evoke: Wand              |       |     1 |       |       |     2 ||     3
  Use: Scroll            |     3 |       |    11 |     4 |     8 ||    26
       Potion            |       |       |     3 |     1 |     6 ||    10
 Stab: Sleeping          |       |       |       |     2 |     2 ||     4
  Eat: Chunk             |     1 |     5 |     4 |     5 |     3 ||    18
       Ration            |       |     1 |     4 |     6 |     5 ||    16
Armor: Scale mail        |    96 |    78 |   146 |   447 |   282 ||  1049
       Plate armour      |       |       |   185 |       |       ||   185
       Ring mail         |       |       |     4 |       |       ||     4
Dodge: Dodged            |    76 |    77 |   150 |   399 |   249 ||   951
Block: Kite shield       |    75 |       |   265 |   684 |   529 ||  1553
       Buckler           |     2 |    23 |     3 |       |       ||    28
